2945 views
Uploaded 2020-03-21 12:19:49
Game version 1.32.3
61:39 long 1on1 ladder game on (2)Amazonia
Saved by BaDitO2
2945 views
Uploaded 2020-03-21 12:19:49
Game version 1.32.3
61:39 long 1on1 ladder game on (2)Amazonia

88 units @ 13.1k
/ 3.4k
55 buildings @ 4k
/ 1.9k

| Lesser Clarity Potion | 6 | 420 |
| Mechanical Critter | 3 | 150 |
| Scroll of Regeneration | 3 | 300 |
| Potion of Mana | 1 | 200 |
| Scroll of Town Portal | 5 | 1750 |
| Staff of Teleportation | 2 | 300 |
| Boots of Speed | 1 | 250 |
| total: | 21 | 3370g |
| Peasant | 14 | 1050 | / | 0 |
| Flying Machine | 29 | 2900 | / | 870 |
| Mortar Team | 10 | 1800 | / | 700 |
| Siege Engine | 4 | 780 | / | 240 |
| Knight | 8 | 1960 | / | 480 |
| Sorceress | 5 | 775 | / | 100 |
| Priest | 3 | 405 | / | 30 |
| Rifleman | 4 | 820 | / | 120 |
| Goblin Zeppelin | 5 | 1200 | / | 300 |
| Goblin Sapper | 5 | 1075 | / | 500 |
| Goblin Shredder | 1 | 375 | / | 100 |
| total: | 88 | 13140g | / | 3440w |
| Scout Tower | 29 | 870 | / | 580 |
| Guard Tower | 13 | 910 | / | 650 |
| Altar of Kings | 1 | 180 | / | 50 |
| Farm | 14 | 1120 | / | 280 |
| Lumber Mill | 1 | 120 | / | 0 |
| Arcane Vault | 2 | 260 | / | 60 |
| Blacksmith | 1 | 140 | / | 60 |
| Town Hall | 1 | 385 | / | 205 |
| Barracks | 2 | 320 | / | 120 |
| Cannon Tower | 3 | 360 | / | 300 |
| Workshop | 3 | 420 | / | 420 |
| Arcane Sanctum | 1 | 150 | / | 140 |
| Keep | 1 | 320 | / | 210 |
| Castle | 1 | 360 | / | 210 |
| total: | 55 | 3965g | / | 1915w |
| 0:03 | Peasant |
| 0:03 | Peasant |
| 0:05 | Altar of Kings |
| 0:08 | Farm |
| 0:09 | Peasant |
| 0:20 | Lumber Mill |
| 0:40 | Farm |
| 0:47 | Peasant |
| 1:16 | Scout Tower |
| 1:18 | Peasant |
| 1:19 | Peasant |
| 1:19 | Peasant |
| 1:19 | Peasant |
| 1:26 | Scout Tower |
| 1:43 | Guard Tower |
| 1:47 | Peasant |
| 2:01 | Arcane Vault |
| 2:05 | Arcane Vault |
| 2:09 | Peasant |
| 2:14 | Scout Tower |
| 2:23 | Peasant |
| 2:23 | Peasant |
| 2:36 | Scout Tower |
| 2:43 | Flame Strike |
| 3:04 | Guard Tower |
| 3:07 | Guard Tower |
| 3:10 | Scout Tower |
| 3:14 | Peasant |
| 3:15 | Peasant |
| 3:35 | Guard Tower |
| 3:41 | Guard Tower |
| 3:47 | Staff of Teleportation |
| 3:49 | Boots of Speed |
| 4:15 | Lesser Clarity Potion |
| 4:17 | Keep |
| 4:25 | Farm |
| 5:05 | Scout Tower |
| 5:27 | Blacksmith |
| 5:33 | Mechanical Critter |
| 5:33 | Lesser Clarity Potion |
| 5:36 | Mechanical Critter |
| 5:41 | Guard Tower |
| 5:46 | Scout Tower |
| 6:18 | Guard Tower |
| 6:21 | Scout Tower |
| 6:38 | Castle |
| 6:48 | Scroll of Regeneration |
| 6:48 | Lesser Clarity Potion |
| 6:50 | Guard Tower |
| 6:54 | Workshop |
| 6:58 | Potion of Mana |
| 7:12 | Workshop |
| 7:19 | Farm |
| 7:19 | Farm |
| 7:20 | Farm |
| 7:57 | Workshop |
| 8:03 | Black Gunpowder |
| 8:35 | Lesser Clarity Potion |
| 9:10 | Flying Machine Bombs |
| 9:12 | Flying Machine |
| 9:12 | Flying Machine |
| 9:12 | Flying Machine |
| 9:26 | Flying Machine |
| 9:40 | Flying Machine |
| 9:52 | Flying Machine |
| 9:54 | Flying Machine |
| 10:04 | Flying Machine |
| 10:19 | Flying Machine |
| 10:31 | Flying Machine |
| 10:46 | Flying Machine |
| 11:00 | Flying Machine |
| 11:14 | Flying Machine |
| 11:27 | Flying Machine |
| 11:44 | Flying Machine |
| 13:25 | Flying Machine |
| 13:41 | Fragmentation Shards |
| 13:42 | Mortar Team |
| 14:12 | Scout Tower |
| 14:36 | Mortar Team |
| 14:42 | Farm |
| 14:48 | Cannon Tower |
| 15:51 | Goblin Zeppelin |
| 17:31 | Town Hall |
| 17:32 | Scout Tower |
| 17:33 | Scout Tower |
| 17:33 | Scout Tower |
| 17:35 | Scout Tower |
| 17:36 | Scout Tower |
| 17:36 | Scout Tower |
| 17:36 | Scout Tower |
| 17:37 | Scout Tower |
| 17:37 | Scout Tower |
| 17:38 | Scout Tower |
| 17:38 | Scout Tower |
| 17:38 | Scout Tower |
| 17:39 | Scout Tower |
| 17:39 | Scout Tower |
| 17:40 | Scout Tower |
| 17:40 | Scout Tower |
| 17:40 | Scout Tower |
| 17:41 | Scout Tower |
| 17:55 | Scout Tower |
| 18:44 | Guard Tower |
| 18:48 | Cannon Tower |
| 18:50 | Scout Tower |
| 19:21 | Cannon Tower |
| 19:35 | Guard Tower |
| 19:40 | Mortar Team |
| 20:26 | Guard Tower |
| 20:32 | Refined Gunpowder |
| 20:48 | Goblin Zeppelin |
| 21:41 | Guard Tower |
| 21:44 | Siphon Mana |
| 21:55 | Siege Engine |
| 21:55 | Siege Engine |
| 21:55 | Siege Engine |
| 22:36 | Flying Machine |
| 22:36 | Flying Machine |
| 22:36 | Flying Machine |
| 22:36 | Flying Machine |
| 22:44 | Guard Tower |
| 22:50 | Farm |
| 22:58 | Goblin Zeppelin |
| 23:05 | Flying Machine |
| 23:05 | Flying Machine |
| 23:24 | Flying Machine |
| 23:24 | Flying Machine |
| 23:57 | Flying Machine |
| 24:32 | Goblin Sapper |
| 24:35 | Flying Machine |
| 24:36 | Goblin Sapper |
| 24:41 | Goblin Sapper |
| 25:00 | Goblin Sapper |
| 25:05 | Flying Machine |
| 26:21 | Mortar Team |
| 26:26 | Mortar Team |
| 27:23 | Farm |
| 27:23 | Farm |
| 27:25 | Goblin Zeppelin |
| 27:52 | Mortar Team |
| 29:01 | Barracks |
| 29:08 | Barracks |
| 29:32 | Mortar Team |
| 30:12 | Sundering Blades |
| 30:20 | Goblin Shredder |
| 31:09 | Animal War Training |
| 31:23 | Knight |
| 31:55 | Knight |
| 32:00 | Mortar Team |
| 32:26 | Knight |
| 33:32 | Knight |
| 33:50 | Siege Engine |
| 34:05 | Barrage |
| 34:17 | Flame Strike |
| 34:47 | Scroll of Town Portal |
| 35:16 | Arcane Sanctum |
| 36:40 | Knight |
| 36:52 | Knight |
| 37:14 | Mortar Team |
| 37:32 | Knight |
| 37:49 | Mortar Team |
| 38:14 | Sorceress |
| 38:23 | Banish |
| 38:35 | Sorceress |
| 38:53 | Knight |
| 39:24 | Goblin Zeppelin |
| 39:43 | Priest |
| 39:57 | Flying Machine |
| 40:43 | Sorceress |
| 40:52 | Iron Forged Swords |
| 41:02 | Sorceress |
| 41:27 | Rifleman |
| 41:49 | Sorceress |
| 42:18 | Rifleman |
| 42:47 | Rifleman |
| 43:16 | Rifleman |
| 43:25 | Flame Strike |
| 43:38 | Imbued Gunpowder |
| 43:42 | Priest |
| 43:53 | Scroll of Regeneration |
| 44:23 | Mechanical Critter |
| 44:59 | Scroll of Town Portal |
| 45:16 | Priest |
| 46:02 | Priest Adept Training |
| 46:18 | Scroll of Town Portal |
| 47:30 | Lesser Clarity Potion |
| 47:32 | Scroll of Town Portal |
| 47:40 | Priest Master Training |
| 47:47 | Staff of Teleportation |
| 48:24 | Scroll of Regeneration |
| 48:26 | Lesser Clarity Potion |
| 49:28 | Scroll of Town Portal |
| 49:37 | Goblin Sapper |
| 50:33 | Flying Machine |
| 50:44 | Flak Cannons |
| 56:58 | Farm |
| 57:44 | Farm |
| 58:35 | Farm |
| 60:01 | Farm |
| Right click | 2453 |
| Select | 883 |
| Select group | 787 |
| Build/train/purchase | 188 |
| Use ability | 106 |
| Misc. action | 84 |
| Assign group | 55 |
| Esc | 19 |
| Item give/drop | 8 |
| Remove unit | 1 |
/ 1.7k
52 buildings @ 8.8k
/ 3.5k



| Peon | 30 | 2250 | / | 0 |
| Troll Headhunter | 12 | 1680 | / | 240 |
| Demolisher | 4 | 880 | / | 200 |
| Wind Rider | 12 | 3180 | / | 480 |
| Kodo Beast | 1 | 255 | / | 60 |
| Shaman | 3 | 390 | / | 60 |
| Troll Witch Doctor | 2 | 290 | / | 50 |
| Spirit Walker | 3 | 585 | / | 105 |
| Tauren | 6 | 1680 | / | 480 |
| total: | 73 | 11190g | / | 1675w |
| Watch Tower | 12 | 1320 | / | 960 |
| Orc Burrow | 21 | 3360 | / | 840 |
| War Mill | 4 | 820 | / | 0 |
| Barracks | 1 | 180 | / | 50 |
| Altar of Storms | 5 | 900 | / | 250 |
| Voodoo Lounge | 1 | 130 | / | 30 |
| Great Hall | 4 | 1540 | / | 740 |
| Spirit Lodge | 1 | 150 | / | 150 |
| Beastiary | 2 | 290 | / | 280 |
| Tauren Totem | 1 | 135 | / | 155 |
| Stronghold | 3 | 945 | / | 570 |
| Fortress | 2 | 650 | / | 380 |
| total: | 52 | 8825g | / | 3455w |
| 0:02 | Peon |
| 0:02 | Peon |
| 0:02 | Peon |
| 0:20 | Orc Burrow |
| 0:38 | War Mill |
| 0:48 | Peon |
| 0:52 | Barracks |
| 0:56 | Peon |
| 1:08 | Altar of Storms |
| 1:13 | Peon |
| 1:25 | Peon |
| 1:27 | Peon |
| 1:49 | Orc Burrow |
| 1:59 | Troll Headhunter |
| 2:04 | Peon |
| 2:13 | Peon |
| 2:27 | Troll Headhunter |
| 2:34 | Peon |
| 2:45 | Peon |
| 2:56 | Cleaving Attack |
| 3:14 | Peon |
| 3:20 | Troll Headhunter |
| 3:22 | Peon |
| 3:39 | Orc Burrow |
| 3:51 | Steel Ranged Weapons |
| 4:02 | Steel Armor |
| 4:36 | Stronghold |
| 4:40 | Troll Headhunter |
| 5:15 | Troll Headhunter |
| 5:24 | Troll Headhunter |
| 5:46 | Orc Burrow |
| 5:52 | Troll Headhunter |
| 5:54 | Howl of Terror |
| 6:12 | Spiked Barricades |
| 6:36 | Cleaving Attack |
| 6:50 | Orc Burrow |
| 6:58 | Troll Regeneration |
| 7:12 | Orc Burrow |
| 7:18 | Thorium Ranged Weapons |
| 8:06 | Voodoo Lounge |
| 8:19 | Troll Headhunter |
| 8:33 | Troll Headhunter |
| 8:58 | Healing Wave |
| 9:12 | Peon |
| 9:12 | Peon |
| 9:13 | Peon |
| 9:13 | Peon |
| 9:54 | Troll Headhunter |
| 9:57 | Troll Headhunter |
| 9:57 | Troll Headhunter |
| 10:44 | Watch Tower |
| 10:45 | Watch Tower |
| 12:02 | Fortress |
| 12:41 | Reinforced Defenses |
| 13:11 | Howl of Terror |
| 13:12 | Hex |
| 13:33 | War Mill |
| 13:53 | Orc Burrow |
| 14:09 | Spirit Lodge |
| 15:26 | Great Hall |
| 15:36 | Thorium Armor |
| 15:39 | Shaman Adept Training |
| 15:57 | Orc Burrow |
| 16:10 | Berserker Upgrade |
| 16:12 | Burning Oil |
| 16:49 | Peon |
| 16:49 | Peon |
| 16:49 | Peon |
| 17:11 | Witch Doctor Adept Training |
| 17:33 | Demolisher |
| 17:49 | Shaman Master Training |
| 18:19 | Demolisher |
| 19:26 | War Mill |
| 19:59 | Peon |
| 19:59 | Peon |
| 20:00 | Peon |
| 20:00 | Peon |
| 20:00 | Peon |
| 20:33 | Witch Doctor Master Training |
| 20:54 | Healing Wave |
| 20:59 | Watch Tower |
| 21:01 | Watch Tower |
| 21:03 | Watch Tower |
| 21:04 | Watch Tower |
| 22:56 | Beastiary |
| 23:59 | Great Hall |
| 24:49 | Great Hall |
| 25:18 | Hex |
| 25:35 | Orc Burrow |
| 25:52 | Cleaving Attack |
| 26:11 | Orc Burrow |
| 27:35 | Peon |
| 27:35 | Peon |
| 28:05 | Stronghold |
| 29:09 | War Mill |
| 29:47 | Orc Burrow |
| 29:49 | Orc Burrow |
| 30:11 | Orc Burrow |
| 30:12 | Orc Burrow |
| 30:38 | Beastiary |
| 31:03 | Altar of Storms |
| 31:24 | Watch Tower |
| 31:41 | Watch Tower |
| 32:08 | Watch Tower |
| 32:11 | Watch Tower |
| 32:12 | Watch Tower |
| 32:13 | Watch Tower |
| 32:52 | Wind Rider |
| 33:43 | Wind Rider |
| 34:01 | Healing Wave |
| 34:24 | Wind Rider |
| 35:08 | Wind Rider |
| 35:19 | Peon |
| 35:19 | Peon |
| 37:02 | Demolisher |
| 37:07 | Orc Burrow |
| 37:10 | Altar of Storms |
| 38:12 | Tauren Totem |
| 38:15 | Kodo Beast |
| 38:20 | Shaman |
| 38:20 | Shaman |
| 38:23 | Shaman |
| 38:56 | Troll Witch Doctor |
| 39:15 | Demolisher |
| 39:41 | Troll Witch Doctor |
| 39:52 | Spirit Walker Adept Training |
| 40:42 | Fortress |
| 41:54 | Orc Burrow |
| 42:35 | Steel Melee Weapons |
| 42:37 | Improved Spiked Barricades |
| 43:03 | Spirit Walker |
| 43:04 | Pulverize |
| 43:06 | Spirit Walker Master Training |
| 43:13 | Frost Arrows |
| 43:22 | War Drums Damage Increase |
| 43:34 | Envenomed Spears |
| 43:59 | Thorium Melee Weapons |
| 44:25 | Arcanite Ranged Weapons |
| 45:03 | Arcanite Armor |
| 45:39 | Doom |
| 46:06 | Arcanite Melee Weapons |
| 46:25 | Tauren |
| 46:28 | Spirit Walker |
| 46:42 | Forked Lightning |
| 47:05 | Tauren |
| 47:28 | Orc Burrow |
| 48:31 | Altar of Storms |
| 49:15 | Tauren |
| 50:26 | Spirit Walker |
| 50:31 | Orc Burrow |
| 51:17 | Big Bad Voodoo |
| 52:00 | Frost Arrows |
| 52:50 | Tauren |
| 52:50 | Tauren |
| 53:48 | Tauren |
| 54:58 | Great Hall |
| 56:54 | Howl of Terror |
| 57:30 | Orc Burrow |
| 57:31 | Orc Burrow |
| 57:48 | Forked Lightning |
| 59:26 | Altar of Storms |
| 59:28 | Orc Burrow |
| 60:31 | Wind Rider |
| 60:31 | Wind Rider |
| 60:31 | Wind Rider |
| 60:31 | Wind Rider |
| 60:31 | Wind Rider |
| 60:32 | Wind Rider |
| 60:32 | Wind Rider |
| 60:32 | Wind Rider |
| Select group | 972 |
| Select | 698 |
| Right click | 365 |
| Misc. action | 296 |
| Chat | 217 |
| Build/train/purchase | 179 |
| Use ability | 49 |
| Assign group | 43 |
| Remove unit | 6 |
| Esc | 2 |